 Dungeon Crawl Stone Soup version 0.25.0-3-gd7cc5688da (webtiles) character file.

Game seed: 13584387156949045390

1303 mopl the Ruffian (level 8, -6/78 HPs)
             Began as a Troll Arcane Marksman on June 15, 2020.
             Was a Follower of Okawaru.
             Mangled by a killer bee (8 damage)
             ... on level 7 of the Dungeon.
             The game lasted 00:06:54 (4863 turns).

mopl the Ruffian (Troll Arcane Marksman)            Turns: 4863, Time: 00:06:55

Health: -6/78      AC:  6    Str: 19    XL:     8   Next: 31%
Magic:  8/8        EV: 10    Int:  9    God:    Okawaru [*.....]
Gold:   238        SH:  0    Dex: 12    Spells: 8/9 levels left

rFire    . . .     SeeInvis .     - Unarmed
rCold    . . .     Gourm    +   (no shield)
rNeg     . . .     Faith    .   a - +0 robe
rPois    .         Spirit   .   (helmet restricted)
rElec    .         Reflect  .   (no cloak)
rCorr    .         Harm     .   (gloves unavailable)
MR       .....                  (boots unavailable)
Stlth    +.........             (no amulet)
HPRegen  0.63/turn              t - ring of wizardry
MPRegen  0.11/turn              w - ring of flight

@: no status effects
A: large, unfitting armour, claws 3, fast metabolism 3, gourmand, regeneration
1, shaggy fur 1, tough skin 3
a: Heroism, Renounce Religion, Evoke Flight


You were on level 7 of the Dungeon.
You worshipped Okawaru.
Okawaru was aware of your devotion.
You were completely stuffed.

You visited 2 branches of the dungeon, and saw 8 of its levels.

You collected 238 gold pieces.

Inventory:

Missiles
 c - 9 large rocks
 d - 2 throwing nets
 h - 138 stones (quivered)
 p - 30 sling bullets
 B - 8 atropa-tipped darts
Armour
 a - a +0 robe (worn)
Jewellery
 s - an uncursed ring of fire
 t - a ring of wizardry (left claw)
 w - a ring of flight (right claw)
 y - an uncursed ring of ice
Wands
 g - a wand of flame (18)
 v - a wand of disintegration (11)
Scrolls
 e - 4 scrolls of remove curse {unknown}
 i - 2 scrolls of magic mapping {unknown}
 l - 3 scrolls of blinking {unknown}
 m - a scroll of fear {unknown}
 q - 2 scrolls of immolation {unknown}
 r - a scroll of noise {unknown}
 u - a scroll of amnesia {unknown}
 x - a scroll of teleportation {unknown}
 C - a scroll of holy word {unknown}
Potions
 b - 3 potions of curing
 j - 2 potions of mutation
 k - 3 potions of degeneration {unknown}
 n - a potion of magic
 o - 2 potions of flight
 A - a potion of cancellation {unknown}
Comestibles
 f - 12 rations
 z - 2 chunks of flesh


   Skills:
 + Level 4.0 Fighting
 + Level 4.7 Throwing
 - Level 1.5 Dodging
 * Level 6.8 Unarmed Combat
 - Level 1.0 Spellcasting
 - Level 2.0 Hexes
 + Level 1.9 Invocations


You had 8 spell levels left.
You knew the following spells:

 Your Spells              Type           Power        Failure   Level  Hunger
a - Corona                Hex            #......      6%          1    ##.....

Your spell library contained the following spells:

 Spells                   Type           Power        Failure   Level  Hunger
 Slow                     Hex            #.......     10%         2    ###....
 Inner Flame              Hex/Fire       #.......     28%         3    ####...
 Portal Projectile        Hex/Tloc       #.....       28%         3    ####...
 Cause Fear               Hex            #.........   52%         4    #####..
 Leda's Liquefaction      Hex/Erth       #.........   65%         4    #####..


Dungeon Overview and Level Annotations

Branches:
Dungeon (7/15)             Temple (1/1) D:6

Altars:
Ashenzari
Cheibriados
Dithmenos
Fedhas
Gozag
Makhleb
Okawaru
Qazlal
Ru
Sif Muna
Uskayaw
Vehumet
Wu Jian
Yredelemnul
Zin


Innate Abilities, Weirdness & Mutations

You are too large for most types of armour.
You have claws for hands.
Your metabolism is lightning-fast.
You like to eat raw meat.
Your natural rate of healing is unusually fast.
You are covered in fur. (AC +1)
You have extremely tough skin. (AC +3)


Message History

You scratch the killer bee.
You kill the killer bee!
Okawaru accepts your kill.
The killer bee stings you but does no damage.
Evoke which item? (* to show all) (? for menu, Esc to quit)
Aiming: Disintegrate
Press: ? - help, Shift-Dir - straight line, f - killer bee
Aim: a killer bee (chance to defeat MR: 73%)
The killer bee is blasted!!
You blow up the killer bee!
Okawaru accepts your kill.
Your Fighting skill increases to level 4!
The killer bee stings you!
* * * LOW HITPOINT WARNING * * *
Evoke which item? (* to show all) (? for menu, Esc to quit)
Aiming: Disintegrate
Press: ? - help, Shift-Dir - straight line, f - killer bee
Aim: a killer bee (chance to defeat MR: 73%)
The killer bee is blasted!
The killer bee stings you!
You die...

.....#..........#............#
.....#..........#............#
.##..##..)##....'......#######
.##..##...##..###......#
..........##############
..................+....#
###..##...##......#....#
#..#######......#....# #..#
#..##@###..#### #...
##+##y###..#..# +..##
#.............# #..#
#.............#
+..<..........#
#.....##.....## #.....########
#.....# #.....#


You could see a killer bee.

Vanquished Creatures
  An ogre (D:6)
  3 centaurs
  2 bullfrogs
  A scorpion (D:5)
  4 killer bees (D:7)
  A crimson imp (D:7)
  3 orc priests
  2 hounds (D:6)
  3 bullfrog skeletons
  A centaur skeleton (D:6)
  An iguana (D:4)
  Ijyb (D:4)
  3 worker ants
  2 worker ant zombies (D:6)
  5 adders
  A shadow imp (D:5)
  An adder zombie (D:6)
  4 worms
  5 dart slugs
  8 leopard geckos
  14 orcs
  5 bats
  4 giant cockroaches
  8 goblins
  4 hobgoblins
  10 jackals
  5 quokkas
  2 ball pythons
  A ball python zombie (D:6)
  3 frilled lizards
  9 kobolds
  A leopard gecko skeleton (D:6)
  A quokka skeleton (D:4)
  5 rats
124 creatures vanquished.

Notes
Turn   | Place    | Note
-------+----------+-------------------------------------------
     0 | D:1      | mopl the Troll Arcane Marksman began the quest for the Orb.
     0 | D:1      | Reached XP level 1. HP: 18/18 MP: 1/1
    87 | D:1      | Reached skill level 1 in Fighting
    87 | D:1      | Reached skill level 1 in Unarmed Combat
   118 | D:1      | Reached XP level 2. HP: 27/27 MP: 2/2
   505 | D:2      | Reached XP level 3. HP: 33/33 MP: 3/3
   562 | D:2      | Reached skill level 2 in Unarmed Combat
   866 | D:2      | Reached XP level 4. HP: 26/41 MP: 4/4
  1720 | D:3      | Reached skill level 3 in Unarmed Combat
  2087 | D:3      | Reached XP level 5. HP: 49/49 MP: 5/5
  2213 | D:2      | Found an opulent altar of Gozag.
  2251 | D:4      | Found a burning altar of Makhleb.
  2454 | D:4      | Noticed Ijyb
  2465 | D:4      | Killed Ijyb
  2465 | D:4      | Reached skill level 4 in Unarmed Combat
  2528 | D:4      | Reached XP level 6. HP: 33/59 MP: 6/6
  2942 | D:5      | Entered Level 5 of the Dungeon
  2996 | D:5      | Reached skill level 5 in Unarmed Combat
  3046 | D:5      | Found a stormy altar of Qazlal.
  3049 | D:5      | Noticed a water elemental
  3049 | D:5      | Noticed an air elemental
  3049 | D:5      | Noticed a fire elemental
  3225 | D:5      | Reached XP level 7. HP: 67/67 MP: 7/7
  3791 | D:6      | Found a blossoming altar of Fedhas.
  3828 | D:6      | Found a staircase to the Ecumenical Temple.
  3847 | Temple   | Entered the Ecumenical Temple
  3873 | Temple   | Became a worshipper of Warmaster Okawaru
  3958 | D:6      | Reached skill level 6 in Unarmed Combat
  4312 | D:6      | Reached skill level 1 in Invocations
  4583 | D:7      | Reached XP level 8. HP: 77/78 MP: 8/8
  4836 | D:7      | Reached * piety under Okawaru
  4862 | D:7      | HP: 1/78 [killer bee (10)]
  4863 | D:7      | Mangled by a killer bee

Illustrated notes

Levels and vault maps discovered:
D:1:      matt_arrival_refuge, layout_rooms, hex_medium
D:2:      lemuel_upstairs_altar, layout_basic
D:3:      layout_loops_ring
D:4:      layout_gridville, bloody_makhleb, uniq_ijyb
D:5:      layout_loops_ring, first_ration, nicolae_qazlal_style_of_elements
D:6:      kb_forest_paths, layout_basic, overflow_temple_1_default
D:7:      layout_gridville, eino_tiny_chamber
Temple:   compressed_dpeg_circular_temple

Skill      XL: |  1  2  3  4  5  6  7  8 |
---------------+-------------------------+-----
Fighting       | 1 2 3 4 |  4.0
Throwing       | 2 3 4 |  4.7
Unarmed Combat | 1 2 3 4 5 6 |  6.8
Invocations    | 1 |  1.9
Dodging        | |  1.5
Spellcasting   | |  1.0
Hexes          | |  2.0

Action                   |  1- 3 |  4- 6 |  7- 9 || total
-------------------------+-------+-------+-------++-------
Melee: Unarmed           |   115 |   188 |   119 ||   422
       Punch             |       |     2 |     1 ||     3
Evoke: Wand              |       |       |     3 ||     3
  Use: Scroll            |       |     4 |       ||     4
       Potion            |       |       |     1 ||     1
 Stab: Sleeping          |       |     2 |       ||     2
  Eat: Chunk             |    13 |    20 |    17 ||    50
Armor: Robe              |    41 |    55 |    33 ||   129
Dodge: Dodged            |    67 |    74 |    70 ||   211
